 Dungeon Crawl Stone Soup version 0.31-a0-175-g9f7f995f2b (webtiles) character file.

Game seed: 17378590834463097378

3143 Zonian the Covert (level 9, -10/50 HPs)
             Began as a Vine Stalker Gladiator on June 17, 2023.
             Mangled by a cyclops (21 damage)
             ... on level 8 of the Dungeon.
             The game lasted 00:16:39 (7949 turns).

Zonian the Covert (Vine Stalker Gladiator)          Turns: 7949, Time: 00:16:39

Health: -10/50     AC:  8    Str: 21    XL:     9   Next: 93%
Magic:  0/19       EV: 12    Int:  8    God:
Gold:   194        SH:  3    Dex: 16    Spells: 8/8 levels left

rFire   + .          .
                       - Unarmed
rCold   . . .        t - +0 buckler
rNeg    . . .        E - +0 steam dragon scales
rPois   .            b - +0 helmet
rElec   .            (no cloak)
rCorr   .            w - +0 pair of gloves
SInv    .            e - +0 pair of boots
Will    +....        (no amulet)
Stlth   ++++         n - ring of protection from fire
HPRegen 1.08/turn    s - ring of magical power
MPRegen 0.16/turn

%: guardian spirit
@: no status effects
A: fangs 3, regeneration 1, magic shield, antimagic bite, no potion heal 2
a: no special abilities


You were on level 8 of the Dungeon.
You visited 2 branches of the dungeon, and saw 9 of its levels.

You collected 595 gold pieces.
You spent 401 gold pieces at shops.

Inventory:

Hand Weapons
 q - a +4 short sword of draining
 z - a +2 vampiric rapier
Missiles
 d - 4 javelins
 i - 3 throwing nets
 p - 11 poisoned darts
Armour
 a - a +0 leather armour
 b - a +0 helmet (worn)
 e - a +0 pair of boots (worn)
 t - a +0 buckler (worn)
 w - a +0 pair of gloves (worn)
 E - +0 steam dragon scales (worn)
Jewellery
 n - a ring of protection from fire (left hand)
 s - a ring of magical power (right hand)
 y - a ring of willpower
Wands
 m - a wand of flame (39)
Scrolls
 c - a scroll of summoning
 j - 2 scrolls of noise {unknown}
 k - a scroll of revelation {unknown}
 v - 3 scrolls of fear {unknown}
 x - a scroll of amnesia {unknown}
 B - 2 scrolls of blinking
 C - 2 scrolls of teleportation
 D - a scroll of enchant armour {unknown}
Potions
 f - 3 potions of brilliance
 g - a potion of heal wounds {unknown}
 h - 7 potions of curing
 l - 2 potions of ambrosia
 o - a potion of lignification
 r - a potion of degeneration
 u - 2 potions of invisibility
 A - a potion of berserk rage
 F - a potion of might {unknown}


   Skills:
 + Level 7.3 Fighting
 - Level 2.5 Throwing
 - Level 2.9 Dodging
 + Level 9.6 Stealth
 + Level 8.3 Unarmed Combat


You had 8 spell levels left.
You didn't know any spells.
Your spell library contained the following spells:

 Spells                   Type           Power      Damage    Failure   Level
 Scorch                   Fire           0%         2d5       63%         2
 Flame Wave               Conj/Fire      0%         2d4       99%         4
 Summon Cactus Giant      Summ           0%         N/A       100%        6


Dungeon Overview and Level Annotations

Branches:
Dungeon (8/15)             Temple (1/1) D:6
   Lair: D:8-11

Altars:
Cheibriados
Dithmenos
Elyvilon
Gozag
Hepliaklqana
Kikubaaqudgha
Makhleb
Nemelex Xobeh
Okawaru
Qazlal
Ru
Trog
Uskayaw
Vehumet
Wu Jian
Xom
Yredelemnul
Zin

Shops:
D:3 =[*   D:6 **?

Annotations:
D:7 exclusion: ice statue
D:8 2 transporters


Innate Abilities, Weirdness & Mutations

You have razor-sharp teeth.
Your natural rate of healing is unusually fast.
When hurt, damage is shared between your health and your magic reserves.
Your bite disrupts and absorbs the magic of your enemies.
Potions cannot restore your health.


Message History

The wight is heavily damaged.
The wight barely misses you.
You punch the wight!
You destroy the wight!
Things that are here:
a +0 long sword; a +0 robe
Things that are here:
a +0 long sword; a +0 robe
Found 16 gold pieces, a dented amethyst amulet and a long sword.
Found 15 gold pieces.
Found a robe and a grey potion.
F - a grey potion You now have 194 gold pieces (gained 15).
A cyclops comes into view.
The helpless cyclops fails to defend itself.
You pummel the cyclops!! You bite the cyclops. You drain its power.
The cyclops is heavily wounded.
The cyclops hits you!!
You punch the cyclops! Your bite misses the cyclops.
The cyclops is heavily wounded.
The cyclops hits you!
You are too injured to fight recklessly!
You are too injured to fight recklessly!
Unknown command.
You punch the cyclops! Your bite misses the cyclops.
The cyclops is severely wounded.
You punch the cyclops! You bite the cyclops, but do no damage.
The cyclops is almost dead.
The cyclops hits you!
* * * LOW HITPOINT WARNING * * *
You barely miss the cyclops.
The cyclops is almost dead.
You barely miss the cyclops. You bite the cyclops, but do no damage.
The cyclops is almost dead.
The cyclops hits you.
* * * LOW HITPOINT WARNING * * *
You hit the cyclops but do no damage.
The cyclops is almost dead.
The cyclops hits you!!
You die...

.........#......
.........#......
♣♣♣......##.....
♣♣......[#..####
.♣♣♣♣........#.##(.$
8..............#8.)"
♣♣♣♣.........####+#
♣C♣♣♣...####.#
♣@♣♣♣.## #.# .
♣♣....# #.# . ♣...##
#.. ♣....# ...
#...#...# #..#
...........#
.............
...............
...............


You could see a cyclops.

Vanquished Creatures
  Grinder (D:4)
  4 yaks (D:7)
  A steam dragon (D:6)
  A water moccasin (D:5)
  2 black bears
  A sky beast (D:6)
  2 centaurs
  2 ogres (D:4)
  3 bullfrogs
  4 wights
  2 orc priests
  3 hounds
  A jelly (D:6)
  3 gnoll boudas (D:4)
  4 iguanas
  2 sleepcaps
  4 orc wizards
  33 gnolls
  11 adders
  2 shadow imps
  A white imp (D:7)
  An ufetubus (D:5)
  5 worms
  A dart slug (D:2)
  44 orcs
  6 endoplasms
  3 giant cockroaches
  6 hobgoblins
  13 jackals
  7 kobolds
  2 quokkas
  8 ball pythons
  4 bats
  2 frilled lizards
  8 goblins
  10 rats
207 creatures vanquished.

Vanquished Creatures (collateral kills)
  An orc (D:4)
  A goblin (D:4)
2 creatures vanquished.

Grand Total: 209 creatures vanquished

Notes
Turn   | Place    | Note
-------+----------+-------------------------------------------
     0 | D:1      | Zonian the Vine Stalker Gladiator began the quest for the
                  | Orb.
     0 | D:1      | Reached XP level 1. HP: 11/11 MP: 2/2
   238 | D:1      | Reached XP level 2. HP: 15/15 MP: 3/3
   884 | D:2      | Found a faded altar of an unknown god.
   891 | D:2      | Reached XP level 3. HP: 18/18 MP: 4/4
   995 | D:2      | Found an opulent altar of Gozag.
  1221 | D:2      | Gained mutation: Your natural rate of healing is unusually
                  | fast. [Vine Stalker growth]
  1221 | D:2      | Reached XP level 4. HP: 12/23 MP: 5/5
  2321 | D:3      | Reached skill level 1 in Stealth
  2366 | D:3      | Found a shimmering altar of Xom.
  2476 | D:3      | Found Juyfo's Jewellery Boutique.
  2483 | D:3      | Bought a ring of magical power for 200 gold pieces
  2676 | D:3      | Reached XP level 5. HP: 23/24 MP: 6/6
  2727 | D:3      | Found Kefaugo's Armour Emporium.
  2727 | D:3      | Noticed an animated pearl dragon scales
  2727 | D:3      | Noticed an animated storm dragon scales
  2735 | D:3      | Bought a +0 buckler for 54 gold pieces
  2803 | D:3      | Found Korog's Assorted Antiques.
  3022 | D:4      | Reached skill level 2 in Stealth
  3050 | D:4      | Reached XP level 6. HP: 15/32 MP: 5/7
  3401 | D:4      | Reached skill level 3 in Stealth
  3651 | D:4      | Reached XP level 7. HP: 30/37 MP: 8/8
  3658 | D:4      | Reached skill level 4 in Stealth
  3674 | D:4      | Reached skill level 5 in Unarmed Combat
  3993 | D:4      | Reached skill level 5 in Stealth
  4115 | D:4      | Noticed Grinder
  4129 | D:4      | Killed Grinder
  4130 | D:4      | Gained mutation: You have razor-sharp teeth. [Vine Stalker
                  | growth]
  4130 | D:4      | Reached XP level 8. HP: 19/42 MP: 9/9
  4447 | D:4      | Reached skill level 5 in Fighting
  4447 | D:4      | Reached skill level 6 in Stealth
  4895 | D:5      | Entered Level 5 of the Dungeon
  5588 | D:5      | Reached skill level 7 in Stealth
  5726 | D:6      | Found Goavy's Magic Scroll Shop.
  5742 | D:6      | Bought a scroll of blinking for 105 gold pieces
  5742 | D:6      | Bought a scroll of teleportation for 42 gold pieces
  5902 | D:6      | Found Ugenuvera's CLEARANCE SALE!.
  5955 | D:6      | Reached XP level 9. HP: 35/48 MP: 10/10
  6150 | D:6      | Found Hanneir's General Store.
  6311 | D:6      | Reached skill level 8 in Stealth
  6387 | D:6      | Found a staircase to the Ecumenical Temple.
  6466 | Temple   | Entered the Ecumenical Temple
  6466 | Temple   | Found a transporter.
  6466 | Temple   | Found a transporter.
  6468 | Temple   | Found a transporter.
  6468 | Temple   | Found a transporter.
  7168 | D:7      | Reached skill level 9 in Stealth
  7339 | D:7      | Found an ornate altar of the Wu Jian Council.
  7346 | D:7      | Found a stormy altar of Qazlal.
  7523 | D:7      | Noticed an ice statue
  7865 | D:8      | Found a transporter.
  7870 | D:8      | Noticed a manticore
  7883 | D:8      | Found the -2 hat of the Alchemist {rElec rPois rF+ rC+ rN+
                  | Will+ rMut rCorr}
  7888 | D:8      | Found a transporter.
  7938 | D:8      | Noticed a cyclops
  7949 | D:8      | Mangled by a cyclops

Illustrated notes

Levels and vault maps discovered:
D:1:      psy_arrival_terrarium, layout_basic, serial_bayou_lagoon_a
D:2:      layout_basic, basic_altar,
          hellmonk_ecumenical_altar_pennies_from_heaven,
          hangedman_abyss_or_decor_stabs, kennysheep_generic_room_8
D:3:      layout_basic, tgw_xom, serial_shops, nicolae_shop_rolling_square,
          nicolae_shop_mannequins, nicolae_shop_stone
D:4:      lemuel_castle_with_subvaults [lemuel_castle_interior_original],
          layout_basic, uniq_grinder
D:5:      layout_loops_cross
D:6:      layout_basic, lemuel_temple_firewalk_b, serial_shops, shop,
          nicolae_shop_gibbet_a_chance, nicolae_shop_clearance
D:7:      lemuel_ice_statue, layout_rooms, amethyst_overflow_temple_binary
D:8:      gammafunk_the_bubble [the_bubble_gammafunk_split], layout_basic,
          nicolae_overflow_hidden_temple, serial_shops,
          nicolae_book_shop_shelving, reono_crystal_passage, kb_rosetta
Temple:   hellmonk_temple_divided_pantheon

Skill      XL: |  1  2  3  4  5  6  7  8  9 |
---------------+----------------------------+-----
Fighting       | 2 3 4 6 7 |  7.3
Throwing       | 2 |  2.5
Stealth        | 1 2 3 5 7 9 |  9.6
Unarmed Combat | 4 5 6 8 |  8.3
Dodging        | |  2.9

Action                     |  1- 3 |  4- 6 |  7- 9 || total
---------------------------+-------+-------+-------++-------
  Melee: Unarmed           |   100 |    72 |   236 ||   408
         Bite              |    20 |    37 |   124 ||   181
         Punch             |     1 |     2 |       ||     3
         Short sword       |       |   105 |   140 ||   245
  Throw: Throwing net      |     3 |       |       ||     3
    Use: Scroll            |       |     5 |     6 ||    11
   Stab: Sleeping          |     2 |     1 |    18 ||    21
         Distracted        |       |       |     2 ||     2
 Armour: Leather armour    |    29 |    41 |    27 ||    97
         Steam dragon scal |       |       |    52 ||    52
  Dodge: Dodged            |    53 |    91 |   163 ||   307
  Block: Buckler           |       |    14 |    35 ||    49

Table legend: (Time is in decaauts)
 A = Elapsed time spent in this place.
 B = Non-inter-level travel time spent in this place.
 C = Inter-level travel time spent in this place.
 D = Time resting spent in this place.
 E = Time spent auto-exploring this place.
 F = Levels seen in this place.
 G = Mean time per level.
                   A        B        C        D        E       F      G
               +--------+--------+--------+--------+--------+-----+--------+
         Total |   7946 |   7665 |    281 |    979 |   4566 |   9 |  882.9 |
       Dungeon |   7900 |   7625 |    275 |    979 |   4566 |   8 |  987.5 |
        Temple |     45 |     40 |      5 |      0 |      0 |   1 |   45.0 |
               +--------+--------+--------+--------+--------+-----+--------+

Top non-repeatable levels by time:
     D:4: 1718 daAuts
     D:3: 1413 daAuts
     D:6: 1189 daAuts
     D:2: 910 daAuts
     D:1: 874 daAuts
     D:7: 799 daAuts
     D:5: 797 daAuts
     D:8: 197 daAuts
  Temple: 45 daAuts
